 Dungeon Crawl Stone Soup version 0.19.1-1-g22dce08 (webtiles) character file.

282 markt42 the Cudgeler (level 6, -5/38 HPs)
             Began as a Gargoyle Fighter on Jan 8, 2017.
             Killed from afar by Dowan (13 damage)
             ... with a shard of ice
             ... on level 4 of the Dungeon.
             The game lasted 00:02:29 (2719 turns).

markt42 the Cudgeler (Gargoyle Fighter)             Turns: 2719, Time: 00:02:30

Health: -5/38      AC: 12    Str: 22    XL:     6   Next: 28%
Magic:  6/6        EV:  8    Int:  8    God:
Gold:   121        SH:  9    Dex:  9    Spells: 0 memorised, 5 levels left

rFire  . . .     SeeInvis +     a - +0 flail
rCold  . . .     Gourm    .     b - +0 scale mail
rNeg   + . .     Faith    .     c - +0 shield
rPois  ∞         Spirit   .     (no helmet)
rElec  +         Reflect  .     (no cloak)
rCorr  .         Harm     .     g - +0 pair of gloves
MR     .....                    (no boots)
Stlth  ..........               (no amulet)
                                (no ring)
                                s - ring of see invisible

@: no status effects
A: negative energy resistance 1, electricity resistance, unbreathing,
petrification resistance, rot immunity, AC +4
a: no special abilities


You were on level 4 of the Dungeon.
You were hungry.

You visited 1 branch of the dungeon, and saw 4 of its levels.

You collected 121 gold pieces.

Inventory:

Hand Weapons
 a - a +0 flail (weapon)
Armour
 b - a +0 scale mail (worn)
 c - a +0 shield (worn)
 g - a +0 pair of gloves (worn)
Jewellery
 s - a ring of see invisible (left hand)
Scrolls
 e - 2 scrolls of remove curse
 h - 4 scrolls of identify
 q - a scroll of enchant armour {unknown}
Potions
 d - a potion of might
 i - a potion of flight
 j - a potion of agility {unknown}
 k - 4 potions of heal wounds {unknown}
 l - 3 potions of curing {unknown}
 m - 2 potions of degeneration {unknown}
 o - a potion of ambrosia {unknown}
 p - a potion of resistance {unknown}
 r - a potion of magic {unknown}
Comestibles
 f - 4 bread rations
 n - a meat ration


   Skills:
 + Level 3.9 Fighting
 * Level 4.8 Maces & Flails
 + Level 4.1 Armour
 + Level 1.0 Dodging
 + Level 4.2 Shields


You had 5 spell levels left.
You didn't know any spells.

Dungeon Overview and Level Annotations

Branches:
Dungeon (4/15)
 Temple: D:4-7

Altars:

Annotations:
D:4 Dowan


Innate Abilities, Weirdness & Mutations

You are resistant to torment.
Your stone body is resilient. (AC +4)
You are immune to poison.
You resist negative energy. (rN+)
You are resistant to electric shocks. (rElec)
You can survive without breathing.
You are immune to petrification.
You are immune to rotting.


Message History

Your Armour skill increases to level 4!
You have reached level 6!
Your experience leads to an increase in your attributes!
Increase (S)trength, (I)ntelligence, or (D)exterity?
You feel stronger. Dowan closely misses you.
Dowan gestures at you while chanting. You block the shard of ice.
Your shield prevents you from hitting Dowan.
You block Dowan's attack. x2
You closely miss Dowan.
Dowan says, "Her death will not be in vain!"
Dowan points at you and mumbles some strange words.
The shard of ice hits you!
Ouch! That really hurt!
* * * LOW HITPOINT WARNING * * *
You barely miss Dowan.
Dowan points at you and mumbles some strange words.
The shard of ice hits you!
You die...

### ###.. ...#
#..## #...##
#....## #..<..##
######......#
#.....@†....#
......e)......#
......).....#...
............##...
....).......# #..
............# ..
.......#...##
......# #..#


You could see Dowan.

Vanquished Creatures
  Duvessa (D:4)
  An orc priest (D:3)
  A gnoll (D:1)
  6 adders
  An ooze (D:2)
  A worm (D:3)
  3 leopard geckos
  3 orcs (D:3)
  A ball python (D:3)
  12 bats
  5 giant cockroaches
  6 goblins
  6 hobgoblins
  6 jackals (D:2)
  7 kobolds
  4 frilled lizards
  11 rats
75 creatures vanquished.

Vanquished Creatures (others)
  A hobgoblin (D:2)
1 creature vanquished.

Grand Total: 76 creatures vanquished

Notes
Turn   | Place    | Note
-------+----------+-------------------------------------------
     0 | D:1      | markt42 the Gargoyle Fighter began the quest for the Orb.
     0 | D:1      | Reached XP level 1. HP: 14/14 MP: 1/1
    93 | D:1      | Reached XP level 2. HP: 13/19 MP: 2/2
   382 | D:1      | Reached XP level 3. HP: 23/23 MP: 3/3
  1118 | D:2      | Reached XP level 4. HP: 22/29 MP: 4/4
  2055 | D:3      | Reached skill level 1 in Dodging
  2107 | D:3      | Reached XP level 5. HP: 33/33 MP: 5/5
  2707 | D:4      | Noticed Duvessa
  2709 | D:4      | Noticed Dowan
  2716 | D:4      | Killed Duvessa
  2716 | D:4      | Reached XP level 6. HP: 31/38 MP: 6/6
  2719 | D:4      | Killed from afar by Dowan

Skill      XL: |  1  2  3  4  5 |
---------------+----------------+-----
Maces & Flails | 3 4 |  4.8
Shields        | 4 |  4.2
Dodging        | 1 |  1.0
Armour         | 4 |  4.1
Fighting       | |  3.9

Action                   |  1- 3 |  4- 6 || total
-------------------------+-------+-------++-------
Melee: Flail             |   163 |   171 ||   334
  Use: Scroll            |     4 |     1 ||     5
  Eat: Chunk             |     1 |     5 ||     6
Armor: Scale mail        |   135 |   104 ||   239
Dodge: Dodged            |    80 |    70 ||   150
Block: Shield            |   137 |    93 ||   230
